 Dungeon Crawl Stone Soup version 0.19-a0-811-gf4045fb (webtiles) character file.

82 4thArraOfDagon the Chopper (level 4, 0/40 HPs)
             Began as a Minotaur Chaos Knight on June 28, 2016.
             Slain by an orc
             ... wielding a +0 flail
              (7 damage)
             ... on level 3 of the Dungeon.
             The game lasted 00:02:24 (487 turns).

4thArraOfDagon the Chopper (Minotaur Chaos Knight)   Turns: 487, Time: 00:02:25

Health: 0/40       AC:  5    Str: 17    XL:     4   Next: 21%
Magic:  3/3        EV: 11    Int: 10    God:    Xom [..*...]
Gold:   88         SH:  0    Dex:  9    Spells: 0 memorised, 3 levels left

rFire  . . .     SeeInvis .     a - +0 hand axe (chaos)
rCold  . . .     Gourm    .     b - +2 leather armour
rNeg   . . .     Faith    .     (no shield)
rPois  .         Spirit   .     (helmet restricted)
rElec  .         Dismiss  .     (no cloak)
rCorr  .         Reflect  .     (no gloves)
SustAt .         Harm     .     (no boots)
MR     .....                    (no amulet)
Stlth  +.........               (no ring)
                                (no ring)

@: very slightly contaminated, hasted, very quick, not resistant to hostile
enchantments, very unstealthy
A: retaliatory headbutt, horns 2, talons 1, screaming 1, subdued magic 1
a: Renounce Religion


You were on level 3 of the Dungeon.
You worshipped Xom.
You were a toy of Xom.
You were not hungry.

You visited 1 branch of the dungeon, and saw 3 of its levels.

You collected 88 gold pieces.

Inventory:

Hand Weapons
 a - a +0 hand axe of chaos (weapon)
Armour
 b - a +2 leather armour (worn)
 i - the +0 helmet "Cyadedos" {rElec MR+ SInv, unknown}
   (You took it off Robin on level 2 of the Dungeon)

   It insulates you from electricity.
   It affects your resistance to hostile enchantments.
   It lets you see invisible.
 k - a +0 scale mail
Scrolls
 d - 2 scrolls of identify {unknown}
 e - 2 scrolls of noise {unknown}
 g - 2 scrolls of immolation {unknown}
 h - a scroll of teleportation {unknown}
 j - a scroll of fog {unknown}
Potions
 f - 2 potions of haste
Comestibles
 c - 3 bread rations


   Skills:
 + Level 4.3 Fighting
 * Level 5.1 Axes
 + Level 3.2 Armour
 - Level 1.1 Dodging


You had 3 spell levels left.
You didn't know any spells.

Dungeon Overview and Level Annotations

Branches:
Dungeon (3/15)

Altars:
Qazlal


Innate Abilities, Weirdness & Mutations

You reflexively headbutt those who attack you in melee.
You have a pair of horns on your head.
You have sharp toenails.
You occasionally shout uncontrollably at your foes.
Your spells are a little easier to cast, but a little less powerful.


Message History

Unknown command.
Unknown command.
You hit the adder. You burn the adder. You claw the adder, but do no damage.
The adder is heavily wounded.
You closely miss the orc.
The orc is lightly wounded.
The adder closely misses you.
Unknown command.
You hit the orc.
The orc seems to speed up.
You claw the orc.
You kill the orc!
You hit the adder.
You feel better.
The adder is heavily wounded.
The adder completely misses you. You furiously retaliate!
You headbutt the adder!
You kill the adder!
Unknown command.
Xom's attention almost turns to you for a moment.
There is a short, sharp shower of sparks.
The orc hits you with a flail!
You die...

. #.#######..#
.####..........#
#...............###
##.........#####...
#.#######.# #.##
#.# #.#####.## #.#
#.........
#§#######.#####.##
#@)...(.#.# #.#
#.?.oo.####>#.# #.#
#####.## #.#.# #.#
#.# #.#.#####.#
#.#####......)†.#
#.........#######
#########.# #.# ..#


You could see an orc priest and an orc.

Vanquished Creatures
  Robin (D:2)
  3 adders
  2 worms (D:2)
  A dart slug (D:2)
  2 orcs (D:3)
  3 giant cockroaches
  12 goblins
  3 hobgoblins
  2 bats (D:2)
  2 giant newts (D:2)
  2 kobolds (D:2)
  3 rats
36 creatures vanquished.

Notes
Turn   | Place    | Note
--------------------------------------------------------------
     0 | D:1      | 4thArraOfDagon the Minotaur Chaos Knight began the quest for the Orb.
     0 | D:1      | Reached XP level 1. HP: 19/19 MP: 0/0
   107 | D:2      | Reached skill level 4 in Axes
   107 | D:2      | Reached XP level 2. HP: 27/27 MP: 1/1
   158 | D:2      | XOM: divination: detect items
   173 | D:2      | Found a stormy altar of Qazlal.
   175 | D:2      | Noticed an air elemental
   175 | D:2      | Noticed a fire elemental
   191 | D:2      | Noticed Robin
   208 | D:2      | Killed Robin
   208 | D:2      | Reached XP level 3. HP: 25/33 MP: 2/2
   210 | D:2      | Got an ancient helmet
   297 | D:2      | XOM: harmless Tmut miscast
   298 | D:2      | Gained mutation: You occasionally shout uncontrollably at your foes. [potion of mutation]
   298 | D:2      | Gained mutation: You have sharp toenails. [potion of mutation]
   298 | D:2      | Gained mutation: Your spells are a little easier to cast, but a little less powerful. [potion of mutation]
   367 | D:3      | Reached skill level 5 in Axes
   401 | D:3      | XOM: cloud trail
   456 | D:3      | Reached XP level 4. HP: 30/40 MP: 3/3
   487 | D:3      | XOM: harmless Air miscast
   487 | D:3      | Slain by an orc

Vault maps used:
D:1:      minmay_arrival_open_corners, tso_altar
D:2:      first_bread, nicolae_qazlal_style_of_elements, uniq_robin

Skill      XL: |  1  2  3 |
---------------+----------+-----
Axes           | 4 5 |  5.1
Armour         | 3 |  3.2
Fighting       | 4 |  4.3
Dodging        | |  1.1

Action                   |  1- 3 |  4- 6 || total
-------------------------+-------+-------++-------
Melee: Hand axe          |    85 |     8 ||    93
       Headbutt          |    11 |     1 ||    12
       Kick              |     2 |     4 ||     6
  Use: Potion            |     2 |     1 ||     3
 Stab: Paralysed         |     2 |       ||     2
  Eat: Fruit             |     1 |       ||     1
Armor: Leather armour    |    25 |     1 ||    26
Dodge: Dodged            |    42 |     5 ||    47
